 Dungeon Crawl Stone Soup version 0.31-a0-4-gefa6de2278 (webtiles) character file.

Game seed: 4870964192063321845

240924 Dittersdorf the Bludgeoner (level 19, -4/133 HPs)
             Began as a Gargoyle Fighter on May 4, 2023.
             Was the Champion of Okawaru.
             Killed by divine providence
             ... invoked by a smoke demon
             ... summoned by a deep elf demonologist
              (13 damage)
             ... on level 3 of the Elven Halls.
             The game lasted 01:14:16 (36108 turns).

Dittersdorf the Bludgeoner (Gargoyle Fighter)      Turns: 36108, Time: 01:14:17

Health: -4/133     AC: 49    Str: 35    XL:     19   Next: 79%
Magic:  19/19      EV: 28    Int: 10    God:    Okawaru [******]
Gold:   3734       SH: 23    Dex:  9    Spells: 18/18 levels left

rFire   + + .        D - +4 eveningstar (venom)
rCold   + . .        O - +4 tower shield of Purpose {-Cast Regen+ Str+5}
rNeg    + . .        g - +12 plate armour "Guywasho" {-Cast Will+ Str+3 SInv}
rPois   ∞            l - +0 helmet
rElec   +            S - scarf {rC+ rF+}
rCorr   +            y - +2 pair of gloves {rF+}
SInv    +            N - +2 pair of boots of Okawaru, Imbibing {rCorr}
Will    +++..        x - amulet of the acrobat Stlth
                     j - ring of willpower
HPRegen 1.22/turn    C - +5 ring of evasion
MPRegen 0.16/turn

%: no spellcasting, acrobat
@: silenced, acrobatic, flying, studying Unarmed Combat
A: sickness immunity, AC +14, big wings, negative energy resistance 1,
electricity resistance, torment resistance 1, petrification resistance, deformed
body
}: 1/15 runes: gossamer
a: Renounce Religion


You were on level 3 of the Elven Halls.
You worshipped Okawaru.
Okawaru was exalted by your worship.
You visited 6 branches of the dungeon, and saw 30 of its levels.
You also visited: Bailey and Ice Cave.

You collected 5224 gold pieces.
You spent 1490 gold pieces at shops.

Inventory:

Hand Weapons
 B - the +4 morningstar of Oveliroz {heavy, Str+5 Int-4 Dex+5}
   (You took it off a deep elf high priest on level 1 of the Elven Halls)

   Str:       It affects your strength (+5).
   Int:       It affects your intelligence (-4).
   Dex:       It affects your dexterity (+5).
 D - a +4 eveningstar of venom (weapon)
Missiles
 o - 11 throwing nets
 J - 11 curare-tipped darts (quivered)
Armour
 g - the +12 plate armour "Guywasho" (worn) {-Cast Will+ Str+3 SInv}
   (Okawaru gifted it to you on level 14 of the Dungeon)

   Str:       It affects your strength (+3).
   SInv:      It lets you see invisible.
   -Cast:     It prevents spellcasting.
   Will:      It increases your willpower.
 l - a +0 helmet (worn)
 y - a +2 pair of gloves of fire resistance (worn)
 H - a +2 cloak
 N - the +2 pair of boots of Okawaru, Imbibing (worn) {rCorr}
   (Okawaru gifted it to you on level 1 of the Orcish Mines)

   rCorr:     It protects you from acid and corrosion.
 O - the +4 tower shield of Purpose (worn) {-Cast Regen+ Str+5}
   (You acquired it on level 2 of the Orcish Mines)

   Str:       It affects your strength (+5).
   -Cast:     It prevents spellcasting.
   Regen:     It increases your rate of health regeneration.
 S - a scarf of resistance (worn)
Jewellery
 j - a ring of willpower (left hand)
 m - a ring of fire
 w - a ring of ice
 x - an amulet of the acrobat (around neck)
 C - a +5 ring of evasion (right hand)
 Q - the ring "Igoruapn" {rN+ MP+9 Dex+4}
   (You found it in an ice cave)

   [ring of magical power]

   Dex:       It affects your dexterity (+4).
   rN:        It protects you from negative energy.
   MP:        It affects your magic capacity (+9).
Wands
 e - a wand of roots (23)
 u - a wand of digging (15)
 v - a wand of quicksilver (16)
 A - a wand of flame (70)
Scrolls
 c - 9 scrolls of identify
 p - 4 scrolls of poison
 r - 3 scrolls of magic mapping
 s - 4 scrolls of blinking
 t - 12 scrolls of teleportation
 K - a scroll of fog
 L - 3 scrolls of silence
 P - a scroll of enchant armour
Potions
 a - 3 potions of invisibility
 b - 5 potions of mutation
 d - 11 potions of might
 f - 3 potions of brilliance
 h - 2 potions of cancellation
 k - 5 potions of heal wounds
 q - 2 potions of haste
 z - 5 potions of resistance
 I - 2 potions of berserk rage
 M - 3 potions of magic
 R - 7 potions of ambrosia
Miscellaneous
 E - a piece from Xom's chessboard (15/15)


   Skills:
 + Level 19.6 Fighting
 + Level 20.1 Maces & Flails
 + Level 19.6 Armour
 + Level 19.5 Shields


You had 18 spell levels left.
You didn't know any spells.
Your spell library contained the following spells:

 Spells                   Type           Power      Damage    Failure   Level
 Apportation              Tloc           0%         N/A       89%         1
 Foxfire                  Conj/Fire      0%         2x1d4     89%         1
 Magic Dart               Conj           0%         1d3       89%         1
 Necrotise                Necr           0%         1d4       89%         1
 Scorch                   Fire           0%         2d5       96%         2
 Static Discharge         Conj/Air       0%         2-2/arc   96%         2
 Wereblood                Tmut           0%         N/A       96%         2
 Dazzling Flash           Conj/Hex       0%         N/A       99%         3
 Gell's Gravitas          Tloc           0%         N/A       99%         3
 Hailstorm                Conj/Ice       0%         3d3       99%         3
 Ignite Poison            Fire/Tmut/Pois 0%         N/A       99%         3
 Mephitic Cloud           Conj/Pois/Air  0%         N/A       99%         3
 Portal Projectile        Hex/Tloc       0%         N/A       99%         3
 Teleport Other           Tloc           0%         N/A       99%         3
 Volatile Blastmotes      Fire/Tloc      0%         2d10      99%         3
 Airstrike                Air            0%         2d(0-16)  100%        4
 Flame Wave               Conj/Fire      0%         2d4       100%        4
 Fulminant Prism          Conj/Hex       0%         3d5       100%        4
 Ice Form                 Ice/Tmut       0%         N/A       100%        4
 Iskenderun's Mystic Bla  Conj/Tloc      0%         2d3       100%        4
 Leda's Liquefaction      Hex/Erth       0%         N/A       100%        4
 Agony                    Necr           0%         N/A       100%        5
 Blade Hands              Tmut           0%         N/A       100%        5
 Fireball                 Conj/Fire      0%         3d3       100%        5
 Freezing Cloud           Conj/Ice/Air   0%         6-21      100%        5
 Irradiate                Conj/Tmut      0%         3d11      100%        5
 Lee's Rapid Deconstruct  Erth           0%         3d4*      100%        5
 Silence                  Hex/Air        0%         N/A       100%        5
 Conjure Ball Lightning   Conj/Air       0%         3x3d6     100%        6
 Dispersal                Tloc           0%         N/A       100%        6
 Plasma Beam              Fire/Air       0%         2x1d11    100%        6
 Starburst                Conj/Fire      0%         6d3       100%        6
 Dragon Form              Tmut           0%         N/A       100%        7
 Discord                  Hex            0%         N/A       100%        8
 Disjunction              Tloc           0%         N/A       100%        8
 Summon Small Mammal      Summ           Unusable   N/A       N/A         1
 Call Imp                 Summ           Unusable   N/A       N/A         2
 Cigotuvi's Dreadful Rot  Necr/Pois/Air  Unusable   N/A       N/A         2
 Sublimation of Blood     Necr           Unusable   N/A       N/A         2
 Call Canine Familiar     Summ           Unusable   N/A       N/A         3
 Summon Lightning Spire   Summ/Air       Unusable   N/A       N/A         4
 Simulacrum               Ice/Necr       Unusable   N/A       N/A         6
 Summon Cactus Giant      Summ           Unusable   N/A       N/A         6
 Summon Hydra             Summ           Unusable   N/A       N/A         7

Dungeon Overview and Level Annotations

Branches:
Dungeon (15/15)            Temple (1/1) D:4            Lair (5/5) D:10
 Shoals (0/4) Lair:3       Spider (4/4) Lair:2        Slime (0/5) Lair:5
    Orc (2/2) D:10            Elf (3/3) Orc:2        Vaults (0/5) D:14
 Depths (0/4) D:15         Bailey (visited)           IceCv (visited)

Altars:
Ashenzari
Elyvilon
Fedhas
Gozag
Hepliaklqana
Kikubaaqudgha
Makhleb
Nemelex Xobeh
Okawaru
Qazlal
Ru
Sif Muna
Trog
Uskayaw
Vehumet
Wu Jian
Xom
The Shining One
Jiyva

Shops:
D:6 *   D:7 :   Orc:2 (!?=   Elf:1 (   Elf:2 =   Elf:3 *

Portals:
Trove: D:12 (give +2 shadow dragon scales)

Annotations:
Elf:1 6 runed translucent doors


Innate Abilities, Weirdness & Mutations

You are immune to sickness and miasma.
Your stone body is resilient. (AC +14)
You are immune to poison.
Your large and strong wings let you fly.
You resist negative energy. (rN+)
You are resistant to electric shocks. (rElec)
You are resistant to unholy torment.
You are immune to petrification.
Armour fits poorly on your strangely shaped body.


Message History

The deep elf elementalist barely misses you.
You block the sun demon's attack.
You feel much better.
You are engulfed in freezing vapours.
You resist.
The deep elf elementalist is engulfed in a cloud of scalding steam.
The deep elf elementalist hits you but does no damage.
The deep elf elementalist is engulfed in a cloud of scalding steam.
The deep elf elementalist casts a spell next to you.
Some walls begin to move on their own!
As you read the scroll of silence, it crumbles to dust.
A profound silence engulfs you.
You are engulfed in freezing vapours.
You resist.
* * * LOW HITPOINT WARNING * * *
The deep elf elementalist is engulfed in a cloud of scalding steam.
You block the deep elf elementalist's attack.
The deep elf demonologist gestures wildly while chanting.
The deep elf elementalist is engulfed in a cloud of scalding steam.
You block the deep elf elementalist's attack.
You block the earth elemental's attack.
The deep elf elementalist hits you but does no damage.
You writhe in agony.
* * * LOW HITPOINT WARNING * * *
The cacodemon attacks as you move away!
The cacodemon hits you but does no damage.
You block the cacodemon's attack.
The earth elemental disappears in a puff of smoke!
You kill the deep elf annihilator!
Okawaru accepts your kill.
The deep elf elementalist is engulfed in a cloud of scalding steam.
The deep elf high priest mumbles some strange prayers to its god against you.
Something smites you!
* * * LOW HITPOINT WARNING * * *
The deep elf elementalist casts a spell next to you.
Some walls begin to move on their own!
The deep elf high priest mumbles some strange prayers to its god.
The deep elf high priest begins emitting a brilliant aura!
The deep elf demonologist mumbles some strange words.
You block the earth elemental's attack. The earth elemental misses you.
The smoke demon gestures at you. Something smites you!
You die...

#.........###############
##............#...........
#.............#.#.#.######
#...........#.)...#.####..
#......)......#.###.......
##..........#.#.###..###..
#....○○......#))....# #..
##....○°EE#########.###..
#....32@EE#........)....
#..E3.eE○.#........))...
#.§(2eEeE.#.......##..#.
#.E.EEEE###...........#.
#E.e.E.2# #.......###...


#3EeEEEe# #.......###.#. #..[Eee..# #............. #..)e....# ######.#.##...
#...4.3.## # ####.#... You could see a cacodemon (summoned, unsilenced), a
blizzard demon (summoned, unsilenced), 3 deep elf elementalists, a sun demon
(summoned), a shadow demon (summoned, unsilenced), 2 deep elf demonologists, 4
deep elf high priests, 20 earth elementals, 2 smoke demons and a +1 short sword
of protection.

Vanquished Creatures
  Saint Roka (Elf:2)
  Arachne (Spider:3)
  Mlioglotl (Spider:3)
  2 deep elf master archers
  A deep elf blademaster (Elf:3)
  Frances (D:13)
  The ghost of Zoefix the Phalangite, an adept MfHs of Okawaru (Spider:2)
  A rockslime (IceCv)
  3 azure jellies (IceCv)
  The ghost of Tolur the Eclecticist, an adept DEFE of Vehumet (D:15)
  8 deep elf sorcerers
  A frost giant (D:15)
  Louise (Spider:2)
  5 ghost moths
  7 emperor scorpions
  An orc warlord (Orc:1)
  A deep elf elementalist (Elf:3)
  4 quicksilver oozes (IceCv)
  3 deep elf demonologists
  A stone giant (Orc:1)
  2 dire elephants (Spider:2)
  6 deep elf annihilators
  Snorg (D:13)
  2 spark wasps
  2 deep elf death magi
  3 ettins
  Josephine (Lair:5)
  5 entropy weavers
  5 deep elf high priests
  4 ogre magi
  A catoblepas (D:13)
  7 hydras
  9 centaur warriors
  4 radroaches
  2 jorogumos
  Erica (D:8)
  13 two-headed ogres
  29 dancing weapons
  A death knight (D:13)
  3 boulder beetles
  3 tengu warriors
  4 death yaks (Lair:5)
  2 orc high priests (Elf:1)
  A titan zombie (Orc:1)
  Nergalle (Lair:2)
  A fire crab (shapeshifter) (D:15)
  Sonja (Lair:4)
  21 deep elf knights
  7 pharaoh ants
  3 sun moths
  A goliath frog (shapeshifter) (D:13)
  2 goliath frogs (Lair:5)
  6 skeletal warriors
  13 orb spiders
  A phantasmal warrior (D:13)
  19 slime creatures
  3 orange crystal statues (IceCv)
  3 deep trolls
  A harpy (Lair:2)
  25 deep elf pyromancers
  14 deep elf zephyrmancers
  5 orc knights
  6 deep elf archers
  19 wolf spiders
  5 orc sorcerers
  A mana viper (shapeshifter) (Elf:2)
  7 steelbarb worms
  A faun (shapeshifter) (Elf:3)
  3 moths of wrath
  5 ugly things
  17 cyclopes
  5 manticores
  A stone giant zombie (Orc:1)
  13 elephants
  An ice statue (Spider:4)
  Maurice (D:10)
  Joseph (Lair:2)
  4 black mambas
  3 torpor snails
  7 demonic crawlers
  A cane toad (shapeshifter) (D:14)
  An unseen horror (D:11)
  Psyche (D:8)
  2 gargoyles
  19 cane toads
  4 rime drakes
  2 efreet
  2 tengu conjurers (D:13)
  A freezing wraith (D:13)
  5 komodo dragons
  2 tyrant leeches (Lair:5)
  A queen bee (D:14)
  26 tarantellas
  A polar bear (Lair:3)
  6 hornets (Spider:4)
  15 trolls
  19 blink frogs
  14 dream sheep
  A raiju (Spider:2)
  18 jumping spiders
  Sigmund (D:4)
  2 air elementals
  14 culicivoras
  6 wraiths
  11 wyverns
  4 water elementals
  2 shadows
  2 fire elementals (Elf:2)
  A vampire (D:11)
  51 yaks
  6 basilisks
  A golden eye (shapeshifter) (D:15)
  5 vampire mosquitoes (Lair:5)
  3 steam dragons
  36 redbacks
  9 wargs
  3 acid dragons
  20 water moccasins
  32 orc warriors
  A sky beast (D:7)
  4 great orb of eyes simulacra (IceCv)
  3 black bears
  24 ogres
  10 centaurs
  40 wolves
  2 phantoms
  7 slime creature simulacra (IceCv)
  8 kobold brigands
  7 bullfrogs
  2 cyclops zombies (Orc:1)
  3 earth elementals
  8 gnoll sergeants
  5 scorpions
  3 glowing shapeshifter simulacra (IceCv)
  7 wights
  21 killer bees
  A howler monkey (D:8)
  An electric eel (Lair:5)
  5 hounds
  2 jellies (D:5)
  16 orc priests
  7 iguanas
  Ijyb (D:4)
  2 sleepcaps
  9 gnoll boudas
  20 orc wizards
  8 adders
  36 gnolls
  A shadow imp (D:8)
  2 white imps
  2 ufetubi
  3 dart slugs
  5 worms
  106 orcs
  A bat (D:2)
  5 endoplasms
  3 giant cockroaches
  4 goblins
  6 hobgoblins
  6 jackals
  4 quokkas
  6 ball pythons
  7 frilled lizards
  26 kobolds
  8 rats
1191 creatures vanquished.

Vanquished Creatures (others)
  4 deep elf knights
  A cyclops (Orc:1)
  A tarantella (Spider:4)
  A sky beast (D:8)
  A centaur (D:14)
  An orc priest (Elf:1)
  5 orcs
  69 fungi
  113 plants
196 creatures vanquished.

Grand Total: 1387 creatures vanquished

Notes
Turn   | Place    | Note
-------+----------+-------------------------------------------
     0 | D:1      | Dittersdorf the Gargoyle Fighter began the quest for the
                  | Orb.
     0 | D:1      | Reached XP level 1. HP: 14/14 MP: 1/1
   147 | D:1      | Reached XP level 2. HP: 12/19 MP: 2/2
   794 | D:1      | Reached XP level 3. HP: 23/23 MP: 3/3
  1061 | D:2      | Found a shimmering altar of Xom.
  1496 | D:2      | Reached XP level 4. HP: 29/29 MP: 4/4
  2518 | D:4      | Found a staircase to the Ecumenical Temple.
  2529 | Temple   | Entered the Ecumenical Temple
  2545 | Temple   | Became a worshipper of Warmaster Okawaru
  2555 | D:4      | Noticed a scorpion
  2562 | D:4      | Killed a scorpion
  2563 | D:4      | Reached skill level 3 in Maces & Flails
  2563 | D:4      | Reached XP level 5. HP: 34/34 MP: 5/5
  2628 | D:4      | Found a sparkling altar of Nemelex Xobeh.
  2956 | D:4      | Noticed Sigmund
  2970 | D:4      | Killed Sigmund
  2970 | D:4      | Reached * piety under Okawaru
  2971 | D:4      | Reached XP level 6. HP: 40/40 MP: 6/6
  3327 | D:4      | Noticed Ijyb
  3344 | D:4      | Killed Ijyb
  3345 | D:4      | Reached skill level 5 in Fighting
  3345 | D:4      | Reached skill level 5 in Shields
  3721 | D:5      | Entered Level 5 of the Dungeon
  3774 | D:5      | Found a hazy altar of Hepliaklqana.
  3775 | D:5      | Found a broken altar of Ashenzari.
  3797 | D:5      | Reached skill level 5 in Armour
  3814 | D:5      | Reached skill level 4 in Maces & Flails
  3814 | D:5      | Reached XP level 7. HP: 33/44 MP: 7/7
  3977 | D:5      | Reached ** piety under Okawaru
  4227 | D:5      | Reached XP level 8. HP: 50/51 MP: 8/8
  4287 | D:4      | Reached skill level 5 in Maces & Flails
  4654 | D:5      | Found a stormy altar of Qazlal.
  4654 | D:5      | Found an ancient bone altar of Kikubaaqudgha.
  4903 | D:5      | Identified the +6 rapier of Taxation {heavy, rCorr SInv}
  5231 | D:6      | Reached *** piety under Okawaru
  5675 | D:6      | Found Hoqoggat's Fire Supplies.
  5683 | D:6      | Bought a +2 pair of gloves of fire resistance for 258 gold
                  | pieces
  5732 | D:6      | Reached XP level 9. HP: 45/56 MP: 9/9
  5890 | D:6      | Identified the staff of cold "Piockew" {rPois rC+ Stlth+}
  5930 | D:6      | Reached skill level 6 in Maces & Flails
  6743 | D:7      | Noticed a gargoyle
  6752 | D:6      | Killed a gargoyle
  6792 | D:7      | Found Ypidwugg's Book Boutique.
  6830 | D:7      | Reached **** piety under Okawaru
  6864 | D:7      | Identified the +8 trident of the Vulture {flame, rF+}
  7310 | D:7      | Found a hide-covered altar of Uskayaw.
  7476 | D:8      | Found a sacrificial altar of Ru.
  7509 | D:8      | Reached skill level 7 in Maces & Flails
  7596 | D:8      | Noticed a green ugly thing
  7598 | D:8      | Noticed a red ugly thing
  7604 | D:8      | Killed a red ugly thing
  7605 | D:8      | Reached XP level 10. HP: 54/65 MP: 10/10
  7616 | D:8      | Killed a red ugly thing
  7696 | D:8      | Noticed a green ugly thing
  7706 | D:8      | Killed a green ugly thing
  7706 | D:8      | Reached ***** piety under Okawaru
  8060 | D:8      | Noticed Erica
  8072 | D:8      | Killed Erica
  8072 | D:8      | Identified the +0 tower shield of Restlessness {-Tele rPois
                  | Regen+ Dex-2} (Okawaru gifted it to you on level 8 of the
                  | Dungeon)
  8072 | D:8      | Received a gift from Okawaru
  8073 | D:8      | Reached skill level 8 in Maces & Flails
  8177 | D:8      | Found a blossoming altar of Fedhas.
  8411 | D:8      | Noticed Psyche
  8419 | D:8      | Killed Psyche
  8420 | D:8      | Reached XP level 11. HP: 72/72 MP: 11/11
  8538 | D:8      | Found an opulent altar of Gozag.
  8624 | D:8      | Found a shimmering blue altar of Sif Muna.
  8823 | D:9      | Found a flagged portal.
  8835 | D:9      | Identified the ring of the Scarab {rC+ Int+2}
  8846 | Bailey   | Entered a bailey
  9150 | Bailey   | Reached skill level 10 in Fighting
  9158 | Bailey   | Reached skill level 10 in Shields
  9172 | Bailey   | Reached skill level 10 in Armour
  9301 | Bailey   | Identified the +1 ring mail of Peek-a-Boo {rC+ Regen+
                  | Int-3}
  9465 | Bailey   | Reached skill level 9 in Maces & Flails
  9677 | D:9      | You fall into a shaft and drop 3 floors!
  9765 | D:12     | Noticed a two-headed ogre
  9774 | D:12     | Killed a two-headed ogre
  9912 | D:10     | Entered Level 10 of the Dungeon
 10894 | D:9      | Found a burning altar of Makhleb.
 10958 | D:9      | Found a glowing golden altar of the Shining One.
 11043 | D:10     | Noticed Maurice
 11050 | D:10     | Received a gift from Okawaru
 11051 | D:10     | Reached XP level 12. HP: 75/79 MP: 12/12
 11081 | D:10     | Killed Maurice
 11211 | D:10     | Identified a scroll of acquirement
 11211 | D:10     | Acquired a manual of Maces & Flails
 11294 | D:10     | Reached skill level 10 in Maces & Flails
 11320 | D:10     | Found a staircase to the Lair.
 11355 | D:10     | Found a radiant altar of Vehumet.
 11369 | D:10     | Found a white marble altar of Elyvilon.
 11687 | D:10     | Found an ornate altar of the Wu Jian Council.
 11898 | D:10     | Found a staircase to the Orcish Mines.
 12104 | Lair:1   | Entered Level 1 of the Lair of Beasts
 12137 | Lair:1   | Noticed Joseph
 13100 | Lair:1   | Reached skill level 11 in Maces & Flails
 13127 | Lair:1   | Received a gift from Okawaru
 13250 | Lair:2   | Noticed Nergalle
 13265 | Lair:2   | Killed Nergalle
 13720 | Lair:2   | Reached skill level 12 in Maces & Flails
 13723 | Lair:2   | Reached XP level 13. HP: 86/86 MP: 13/13
 13807 | Lair:2   | Killed Joseph
 13937 | Lair:2   | Reached ****** piety under Okawaru
 14184 | Lair:2   | Found a hole to the Spider Nest.
 14199 | Lair:2   | Identified the +1 plate armour of Mental Paralysis {Int+5
                  | Stlth+} (Okawaru gifted it to you on level 2 of the Lair of
                  | Beasts)
 14199 | Lair:2   | Received a gift from Okawaru
 14299 | Lair:3   | Found a staircase to the Shoals.
 14788 | Lair:3   | Reached skill level 13 in Maces & Flails
 15392 | Lair:4   | Noticed Sonja
 15399 | Lair:4   | Killed Sonja
 15619 | Lair:4   | Received a gift from Okawaru
 16014 | Lair:4   | Reached skill level 14 in Maces & Flails
 16267 | Lair:4   | Gained mutation: Your large and strong wings let you fly.
                  | [Gargoyle growth]
 16267 | Lair:4   | Reached XP level 14. HP: 77/94 MP: 14/14
 16581 | Lair:5   | Entered Level 5 of the Lair of Beasts
 16784 | Lair:5   | Received a gift from Okawaru
 17175 | Lair:5   | Identified the +0 chain mail of Owkiaxav {Will+} (Okawaru
                  | gifted it to you on level 5 of the Lair of Beasts)
 17175 | Lair:5   | Received a gift from Okawaru
 17320 | Lair:5   | Found a viscous altar of Jiyva.
 17321 | Lair:5   | Found a staircase to the Slime Pits.
 17426 | Lair:5   | Reached skill level 15 in Maces & Flails
 17600 | Lair:5   | Identified the staff of air "Ivagg" {rElec Stlth+}
 18011 | Lair:5   | Noticed Josephine
 18027 | Lair:5   | Killed Josephine
 18356 | Orc:1    | Entered Level 1 of the Orcish Mines
 18661 | Orc:1    | Identified the +2 pair of boots of Okawaru, Imbibing
                  | {rCorr} (Okawaru gifted it to you on level 1 of the Orcish
                  | Mines)
 18661 | Orc:1    | Received a gift from Okawaru
 18750 | Orc:1    | Paralysed by an ogre mage for 3 turns
 18836 | Orc:1    | Reached XP level 15. HP: 98/101 MP: 15/15
 18842 | Orc:1    | Reached skill level 16 in Maces & Flails
 19326 | Orc:1    | Identified the +10 rapier of Res Nullius {holy, rPois rF+
                  | rC+}
 19329 | Orc:1    | Identified the +6 scimitar of the Land of Plenty {heavy,
                  | Will+}
 19538 | Orc:1    | Reached skill level 15 in Armour
 19831 | Orc:2    | Entered Level 2 of the Orcish Mines
 19902 | Orc:2    | Reached skill level 15 in Fighting
 19974 | Orc:2    | Reached skill level 15 in Shields
 21068 | Orc:2    | Found Daushof's Jewellery Emporium.
 21098 | Orc:2    | Found Seowkaimm's Distillery.
 21437 | Orc:2    | Noticed an orc warlord
 21497 | Orc:1    | Killed an orc warlord
 21585 | Orc:2    | Identified the scarf "Ypuobb" {shadows, Int+2 Dex+2}
                  | (Okawaru gifted it to you on level 2 of the Orcish Mines)
 21585 | Orc:2    | Received a gift from Okawaru
 21628 | Orc:2    | Found Wiazuciczi's Magic Scroll Shoppe.
 21637 | Orc:2    | Found Owni Inwek's Weapon Shop.
 21767 | Orc:2    | Bought a scroll of acquirement for 884 gold pieces
 21767 | Orc:2    | Acquired the +4 tower shield of Purpose {-Cast Regen+
                  | Str+5}
 21846 | Orc:2    | Found a staircase to the Elven Halls.
 22167 | Orc:2    | Bought a potion of mutation for 136 gold pieces
 22167 | Orc:2    | Bought a potion of heal wounds for 85 gold pieces
 22499 | D:11     | Reached skill level 17 in Maces & Flails
 23008 | D:12     | Found a portal to a secret trove of treasure.
 23458 | D:13     | Reached XP level 16. HP: 88/110 MP: 16/16
 23551 | D:13     | Noticed Frances
 23554 | D:13     | Noticed Snorg
 23586 | D:13     | Killed Frances
 23598 | D:13     | Killed Snorg
 24136 | D:14     | Found a gate to the Vaults.
 24486 | D:14     | Identified the +12 plate armour "Guywasho" {-Cast Will+
                  | Str+3 SInv} (Okawaru gifted it to you on level 14 of the
                  | Dungeon)
 24486 | D:14     | Received a gift from Okawaru
 24548 | D:14     | Found a radiant altar of Vehumet.
 24807 | D:14     | Found a gate to the Vaults.
 24876 | D:14     | Found a radiant altar of Vehumet.
 25063 | D:15     | Entered Level 15 of the Dungeon
 25580 | D:15     | Found a staircase to the Depths.
 25820 | D:15     | Found a runed translucent door.
 25820 | D:15     | Noticed Tolur's ghost (adept DEFE)
 25940 | D:15     | Killed Tolur's ghost
 26156 | Spider:1 | Entered Level 1 of the Spider Nest
 26818 | Spider:2 | Reached XP level 17. HP: 110/116 MP: 17/17
 26833 | Spider:2 | Noticed Zoefix's ghost (adept MfHs)
 26851 | Spider:2 | Received a gift from Okawaru
 26857 | Spider:2 | Reached skill level 18 in Maces & Flails
 26860 | Spider:2 | Found a runed translucent door.
 27027 | Spider:2 | Noticed Louise
 27043 | Spider:2 | Killed Louise
 27814 | Spider:2 | Killed Zoefix's ghost
 28193 | Spider:3 | Identified the +2 plate armour of Relativism {rN+ Stlth+}
                  | (Okawaru gifted it to you on level 3 of the Spider Nest)
 28193 | Spider:3 | Received a gift from Okawaru
 28658 | Spider:3 | Noticed Arachne
 28681 | Spider:3 | Killed Arachne
 28846 | Spider:3 | Noticed Mlioglotl
 28864 | Spider:3 | Killed Mlioglotl
 29020 | Spider:4 | Entered Level 4 of the Spider Nest
 29020 | Spider:4 | Found the +2 hat of the Bear Spirit {Spirit, Bear, *Rage
                  | Will++}
 29191 | Spider:4 | Found a frozen archway.
 29212 | IceCv    | Entered an ice cave
 29368 | IceCv    | Identified the ring "Igoruapn" {rN+ MP+9 Dex+4}
 29864 | IceCv    | Found a viscous altar of Jiyva.
 29871 | IceCv    | Identified the +3 robe of Seov {rN+ SInv Stlth+} (Okawaru
                  | gifted it to you in an ice cave)
 29871 | IceCv    | Received a gift from Okawaru
 29902 | IceCv    | Reached XP level 18. HP: 83/124 MP: 18/18
 29947 | IceCv    | Identified the +1 ring mail of Hukk {rElec}
 30551 | Spider:4 | Identified the +4 mace of Experimentation {flame, rElec}
 31514 | Spider:4 | Reached skill level 19 in Maces & Flails
 32009 | Spider:4 | Got a gossamer rune of Zot
 32396 | Elf:1    | Entered Level 1 of the Elven Halls
 32425 | Elf:1    | Received a gift from Okawaru
 32597 | Elf:1    | Found Wacsid's Weapon Emporium.
 32856 | Elf:1    | Noticed an Ice Fiend
 32858 | Elf:1    | Noticed a Brimstone Fiend
 32861 | Elf:1    | Noticed a Hell Sentinel
 33080 | Elf:1    | Identified the +4 morningstar of Oveliroz {heavy, Str+5
                  | Int-4 Dex+5}
 33147 | Elf:1    | Found a runed translucent gate.
 33147 | Elf:1    | Found a runed translucent gate.
 33147 | Elf:1    | Found a runed translucent gate.
 33147 | Elf:1    | Found a runed translucent gate.
 33147 | Elf:1    | Found a runed translucent gate.
 33148 | Elf:1    | Found a runed translucent gate.
 33408 | Elf:1    | Noticed an Ice Fiend
 33532 | Elf:2    | Found Puebboh's Jewellery Shop.
 33550 | Elf:2    | Noticed Saint Roka
 33564 | Elf:2    | Killed Saint Roka
 33565 | Elf:2    | Reached XP level 19. HP: 73/132 MP: 19/19
 33901 | Elf:2    | Found a runed translucent gate.
 33911 | Elf:2    | Found a runed translucent gate.
 33911 | Elf:2    | Found a runed translucent gate.
 34084 | Elf:2    | Received a gift from Okawaru
 34449 | Elf:3    | Entered Level 3 of the Elven Halls
 34797 | Orc:2    | Bought a scroll of enchant weapon for 127 gold pieces
 35245 | Elf:3    | Found Jamas's Assorted Antiques.
 35633 | Elf:2    | Reached skill level 20 in Maces & Flails
 36063 | Elf:3    | Identified the +3 leather armour "Zos Jaul" {+Blink Stlth+}
 36087 | Elf:3    | Identified the +4 chain mail of the Thistle {Regen+ Int+3}
                  | (Okawaru gifted it to you on level 3 of the Elven Halls)
 36087 | Elf:3    | Received a gift from Okawaru
 36094 | Elf:3    | Identified the +0 trident of the Bouncing Teeth {flame,
                  | Will+++ MP+9 Int+2 Dex-2}
 36094 | Elf:3    | Identified the amulet "Qaange" {Spirit rC++ SInv}
 36100 | Elf:3    | Gained mutation: Armour fits poorly on your strangely
                  | shaped body. [a cacodemon]
 36102 | Elf:3    | HP: 4/133 [deep elf high priest/damnation (27)]
 36108 | Elf:3    | Killed from afar by a smoke demon

Illustrated notes

Levels and vault maps discovered:
D:1:      elethiomel_arrival_infinity_welcomes_careful_drivers, layout_basic,
          wander_ebering_terrifying_dragon_lair
D:2:      layout_basic, basic_altar, hangedman_decor_clover_reticule,
          minmay_stone_trees_medium, kennysheep_small_spiral, minmay_ruptured
D:3:      layout_basic
D:4:      layout_layer_cave, lemuel_tele_altar, minmay_temple_entry_wispy,
          minmay_hedge_maze, uniq_ijyb, uniq_sigmund
D:5:      layout_basic, nicolae_overflow_crystal_walls,
          amethyst_overflow_temple_binary, ashenzari_altar_1,
          minmay_diced_spiral
D:6:      layout_layer_cave, nicolae_shop_fire_sale [nicolae_sub_dead_trees]
D:7:      layout_rooms, nicolae_uskayaw_suspiria, serial_shops,
          nicolae_diamond_shop
D:8:      minmay_the_grid_four_pointed_star
          [minmay_the_grid_triangle_9x9_windchime,
          minmay_the_grid_triangle_9x9_dagger,
          minmay_the_grid_triangle_9x9_semitri,
          minmay_the_grid_triangle_9x9_intruding_spiral,
          minmay_the_grid_prize_shrinking_boxes], layout_loops_cross,
          mainiacjoe_overflow_paths, kennysheep_orc_sif_temple, fedhas_altar_1,
          mainiacjoe_overflow_alcove_1, uniq_erica, uniq_psyche
D:9:      layout_rooms, nicolae_tso_swordbearing_angel, old_standard_altar,
          enter_bailey_1
D:10:     layout_roguey [special_room_orc], mainiacjoe_overflow_alcove_4,
          nzn_wu_jian_council_hall, nicolae_elyvilon_peaceful_grove,
          erik_lair_orcish_takeover, david_orc_4, minmay_unpleasant_kobolds,
          uniq_maurice
D:11:     lemuel_troll_bridge, layout_cave_pools, serial_bayou_crossing
D:12:     layout_irregular_city, nicolae_trove_entry_crystal
D:13:     minmay_bad_star, layout_rooms, uniq_frances, uniq_snorg
D:14:     layout_rooms, erik_vaults_1, vehumet_crystals, hive_lemuel
D:15:     grunt_enter_depths_snipers, layout_small_grid,
          roderic_nine_men_s_morris, ebering_ghost_inner_flame
Temple:   nicolae_temple_bog_church
Lair:1:   layout_small_grid, minivault_27, grunt_megastairs_4, uniq_joseph
Lair:2:   layout_chaotic_city, nicolae_spider_entry_orb_guardian, minivault_27,
          beast_lair_carwin_7, infiniplex_staircase_pool_2, uniq_nergalle
Lair:3:   layout_loops_ring, nicolae_shoals_entry_roost
Lair:4:   wander_river, layout_cave_pods, beast_lair_carwin_8, uniq_sonja
Lair:5:   minmay_lair_end_frog_pond, layout_long_grid, slime_entry_1,
          uniq_josephine
Spider:1: layout_spider_delve
Spider:2: layout_spider_delve, hellmonk_ghost_happy_afterlife,
          beargit_elvish_explorers, uniq_louise
Spider:3: layout_spider_delve, uniq_arachne, uniq_mlioglotl
Spider:4: spider_rune_water, portal_ice_cave_entry_ice_statue_one,
          spiders_nest_ghost_moth_duel
Orc:1:    giant_chief_lemuel, layout_caves, basic_altar
Orc:2:    st_orc_open, layout_diamond_mine, minmay_orc_barracks
Elf:1:    nicolae_elf_arrival_no_cutting_in_line, layout_geoelf_octagon,
          serial_shops, shop, orc_legates
Elf:2:    nicolae_elf_blades_crystal_corner, layout_geoelf_diagonals,
          serial_shops, shop, minmay_misc_feat_rows, uniq_saint_roka
Elf:3:    minmay_elf_hall_x, layout_loops_cross, serial_shops,
          nicolae_shop_overgrown_old_shop

Skill      XL: |  1  2  3  4  5  6  7  8  9 10 11 12 13 14 15 16 17 18 19 |
---------------+----------------------------------------------------------+-----
Fighting       | 4 5 6 8 9 10 12 13 14 15 16 17 18 19 | 19.6
Armour         | 4 5 6 8 9 10 12 13 14 15 16 17 18 19 | 19.6
Shields        | 4 5 6 8 9 10 12 13 14 15 16 17 18 19 | 19.5
Maces & Flails | 3 4 5 7 8 9 12 14 15 17 18 19 20 | 20.1

Action                     |  1- 3 |  4- 6 |  7- 9 | 10-12 | 13-15 | 16-18 | 19-21 || total
---------------------------+-------+-------+-------+-------+-------+-------+-------++-------
  Melee: Flail             |   131 |   157 |   359 |       |       |       |       ||   647
         Morningstar       |       |       |    26 |   636 |       |    37 |   191 ||   890
         Demon whip        |       |       |       |   166 |  1550 |  2012 |       ||  3728
         Eveningstar       |       |       |       |       |       |       |   176 ||   176
  Throw: Dart              |       |    11 |       |     1 |       |       |       ||    12
         Throwing net      |       |       |       |     1 |     1 |       |       ||     2
 Invoke: Heroism           |       |       |     1 |     7 |     2 |    12 |     1 ||    23
  Evoke: Wand              |       |       |       |       |       |     1 |       ||     1
    Use: Scroll            |       |     3 |    10 |     9 |     6 |     5 |     8 ||    41
         Potion            |       |       |       |     2 |       |    12 |     4 ||    18
   Stab: Petrified         |       |       |       |       |     1 |       |       ||     1
 Armour: Scale mail        |    97 |    65 |       |       |       |       |       ||   162
         Chain mail        |       |    38 |   217 |       |       |       |       ||   255
         Plate armour      |       |       |   120 |   661 |   582 |   874 |   133 ||  2370
         Skin              |       |       |       |     2 |       |       |       ||     2
  Dodge: Dodged            |    76 |    90 |   153 |   618 |   532 |   744 |    80 ||  2293
  Block: Buckler           |    37 |    53 |   109 |   353 |   417 |       |       ||   969
         Tower shield      |       |       |       |       |    72 |  2182 |   344 ||  2598

Table legend: (Time is in decaauts)
 A = Elapsed time spent in this place.
 B = Non-inter-level travel time spent in this place.
 C = Inter-level travel time spent in this place.
 D = Time resting spent in this place.
 E = Time spent auto-exploring this place.
 F = Levels seen in this place.
 G = Mean time per level.
                   A        B        C        D        E       F      G
               +--------+--------+--------+--------+--------+-----+--------+
         Total |  35012 |  32982 |   2030 |   5713 |  18008 |  32 | 1094.1 |
       Dungeon |  15556 |  14658 |    898 |   1459 |   9763 |  15 | 1037.1 |
        Temple |     23 |     14 |      9 |      0 |      0 |   1 |   23.0 |
          Lair |   5903 |   5535 |    368 |    483 |   3912 |   5 | 1180.6 |
   Spider Nest |   4747 |   4586 |    161 |   1512 |   1522 |   4 | 1186.8 |
  Orcish Mines |   3615 |   3350 |    265 |    881 |   1499 |   2 | 1807.5 |
   Elven Halls |   3552 |   3225 |    327 |    738 |   1159 |   3 | 1184.0 |
        Bailey |    872 |    872 |      0 |    346 |    130 |   1 |  872.0 |
      Ice Cave |    741 |    741 |      0 |    293 |     23 |   1 |  741.0 |
               +--------+--------+--------+--------+--------+-----+--------+

Top non-repeatable levels by time:
   Orc:1: 2266 daAuts
Spider:4: 2064 daAuts
    D:10: 1842 daAuts
     D:6: 1594 daAuts
     D:4: 1521 daAuts
     D:8: 1512 daAuts
   Elf:2: 1507 daAuts
  Lair:5: 1404 daAuts
  Lair:2: 1352 daAuts
   Orc:2: 1348 daAuts
     D:5: 1320 daAuts
Spider:2: 1273 daAuts
  Lair:1: 1170 daAuts
  Lair:4: 1169 daAuts
   Elf:1: 1098 daAuts
